 Dungeon Crawl Stone Soup version 0.23.1 (webtiles) character file.

Game seed: 3667286276718374524

203 Borgoz the Skirmisher (level 5, -2/46 HPs)
             Began as a Ghoul Monk on Mar 16, 2019.
             Slain by a gnoll (9 damage)
             ... on level 2 of the Dungeon.
             The game lasted 00:02:21 (915 turns).

Borgoz the Skirmisher (Ghoul Monk)                   Turns: 915, Time: 00:02:21

Health: -2/46      AC:  6    Str: 15    XL:     5   Next: 81%
Magic:  4/4        EV: 13    Int:  5    God:
Gold:   105        SH:  0    Dex: 12    Spells: 4/4 levels left

rFire    . . .     SeeInvis .   a - +0 short sword
rCold    + . .     Gourm    .   (no shield)
rNeg     + + +     Faith    .   b - +0 robe
rPois    ∞         Spirit   .   (no helmet)
rElec    .         Reflect  .   m - +0 cloak
rCorr    .         Harm     .   (no gloves)
MR       .....                  h - +2 pair of boots
Stlth    ++........             (no amulet)
HPRegen  0.00/turn              (no ring)
MPRegen  0.09/turn              (no ring)

@: very slightly contaminated, rotting
A: rotting body, claws 1, carnivore, cold resistance 1, negative energy
resistance 3, inhibited regeneration, torment resistance, unbreathing
a: no special abilities


You were on level 2 of the Dungeon.
You were not hungry.

You visited 1 branch of the dungeon, and saw 2 of its levels.

You collected 105 gold pieces.

Inventory:

Hand Weapons
 a - a +0 short sword (weapon)
Missiles
 g - 2 javelins (quivered)
Armour
 b - a +0 robe (worn)
 h - a +2 pair of boots (worn)
 m - a +0 cloak (worn)
Wands
 i - a wand of flame (17)
Scrolls
 d - 3 scrolls of identify
 e - a scroll of random uselessness {unknown}
 f - a scroll of remove curse
 o - a scroll of teleportation
Comestibles
 c - 3 rations


   Skills:
 + Level 3.9 Fighting
 * Level 3.6 Short Blades
 * Level 2.1 Armour
 * Level 3.7 Dodging
 + Level 3.1 Stealth


You had 4 spell levels left.
You didn't know any spells.
Your spell library was empty.

Dungeon Overview and Level Annotations

Branches:
Dungeon (2/15)

Altars:


Innate Abilities, Weirdness & Mutations

Your body is rotting away.
You thrive on raw meat.
You are immune to poison.
You have sharp fingernails.
You are carnivorous and can eat meat at any time.
Your flesh is cold resistant. (rC+)
You are immune to negative energy. (rN+++)
You do not regenerate when monsters are visible.
You are immune to unholy pain and torment.
You can survive without breathing.


Message History

You hit the gnoll.
The gnoll is severely wounded.
The gnoll hits you. The gnoll closely misses you.
You hit the gnoll.
The gnoll is severely wounded.
The gnoll hits you! The gnoll barely misses you.
You closely miss the gnoll.
The gnoll is severely wounded.
The gnoll misses you.
You hit the gnoll.
You kill the gnoll!
You hit the gnoll.
The gnoll is moderately wounded.
The gnoll hits you!
* * * LOW HITPOINT WARNING * * *
The gnoll barely misses you.
You hit the gnoll but do no damage.
The gnoll is moderately wounded.
The gnoll barely misses you. The gnoll hits you!
You die...

#..#.#######.#.# #...#
#..............# #.###
###..#######...###.###
##..#######..........
#.........#.#.###.###
#...###..............
#...# #.#####.#.#.#.#
#.#.##.# ###.#.#.#
#.###@g# #.......# #.#
##g# #..#.#.###.# ##
#..# #.###........
.....#. #.........
.....##..###.##.##...
#..... #........<.....
#.#### #.####.##.##...
#. #.####.##.###.# #
#.<...........#


You could see 2 gnolls.

Vanquished Creatures
  Sigmund (D:2)
  2 gnolls (D:2)
  A dart slug (D:2)
  3 hobgoblins (D:1)
  3 jackals (D:2)
  3 kobolds
  A quokka (D:2)
  2 ball pythons (D:1)
  A bat (D:1)
  5 goblins (D:1)
  A jackal skeleton (D:2)
  6 rats
29 creatures vanquished.

Notes
Turn   | Place    | Note
-------+----------+-------------------------------------------
     0 | D:1      | Borgoz the Ghoul Monk began the quest for the Orb.
     0 | D:1      | Reached XP level 1. HP: 19/19 MP: 0/0
   253 | D:1      | Reached XP level 2. HP: 13/26 MP: 1/1
   843 | D:2      | Noticed Sigmund
   861 | D:2      | Killed Sigmund
   861 | D:2      | Reached XP level 3. HP: 17/33 MP: 2/2
   861 | D:2      | Reached XP level 4. HP: 21/40 MP: 3/3
   861 | D:2      | Reached XP level 5. HP: 24/46 MP: 4/4
   915 | D:2      | Slain by a gnoll

Skill      XL: |  1  2 |
---------------+-------+-----
Dodging        | 3 |  3.7
Short Blades   | 3 |  3.6
Armour         | 2 |  2.1
Stealth        | 3 |  3.1
Fighting       | |  3.9

Action                   |  1- 3 |  4- 6 || total
-------------------------+-------+-------++-------
Melee: Short sword       |    72 |    25 ||    97
  Use: Scroll            |     5 |       ||     5
       Potion            |     4 |       ||     4
 Stab: Sleeping          |     5 |       ||     5
       Invisible         |     3 |     2 ||     5
  Eat: Chunk             |     7 |     5 ||    12
Armor: Robe              |     9 |     8 ||    17
Dodge: Dodged            |    49 |    26 ||    75
